 Dungeon Crawl Stone Soup version 0.21-a0-260-g9b2435e (webtiles) character file.

1306 tidbits the Skirmisher (level 8, 0/71 HPs)
             Began as a Pale Draconian Wanderer on Sept 7, 2017.
             Was a Follower of Uskayaw.
             Slain by a yak (6 damage)
             ... on level 9 of the Dungeon.
             The game lasted 00:15:27 (1618 turns).

tidbits the Skirmisher (Pale Draconian Wanderer)    Turns: 1618, Time: 00:15:28

Health: 0/71       AC:  8    Str: 16    XL:     8   Next: 32%
Magic:  11/11      EV: 12    Int: 11    God:    Uskayaw [*.....]
Gold:   46         SH:  9    Dex: 11    Spells: 11/11 levels left

rFire    . . .     SeeInvis .   a - +2 short sword (speed)
rCold    . . .     Gourm    .   D - +0 shield
rNeg     . . .     Faith    .   (armour unavailable)
rPois    .         Spirit   .   (helmet restricted)
rElec    +         Reflect  .   (no cloak)
rCorr    .         Harm     .   G - +1 pair of gloves
MR       .....                  (no boots)
Stlth    ++........             (no amulet)
HPRegen  0.00/turn              (no ring)
MPRegen  0.12/turn              (no ring)

@: flying
A: breathe steam, unfitting armour, clumsy 1, electricity resistance, inhibited
regeneration, cold-blooded, MP-powered wands, AC +6
a: Breathe Steam, Stomp, Renounce Religion


You were on level 9 of the Dungeon.
You worshipped Uskayaw.
Uskayaw was noncommittal.
You were not hungry.

You visited 1 branch of the dungeon, and saw 9 of its levels.
You also visited: Sewer.

You collected 148 gold pieces.
You spent 102 gold pieces at shops.

Inventory:

Hand Weapons
 a - a +2 short sword of speed (weapon)
   (You took it off a kobold on level 1 of the Dungeon)
 d - a +0 dagger
 h - a +1 mace of draining
   (You found it on level 1 of the Dungeon)
 l - a +0 trident
 o - a +0 scythe
Missiles
 j - 70 stones (quivered)
Armour
 k - a +0 buckler
 D - a +0 shield (worn)
 G - a +1 pair of gloves (worn)
Wands
 t - a wand of flame (33/48)
Scrolls
 c - a scroll of blinking {unknown}
 e - 2 scrolls of recharging {unknown}
 i - a scroll of fog
 m - a scroll of enchant weapon {unknown}
 p - 2 scrolls of remove curse {unknown}
 s - 2 scrolls of teleportation {unknown}
Potions
 b - a potion of lignification
 g - 2 potions of curing
 n - a potion of cancellation
 r - a potion of flight
Comestibles
 f - 2 bread rations
 q - a royal jelly
 u - a meat ration


   Skills:
 + Level 6.6 Fighting
 - Level 1.0 Throwing
 + Level 5.0 Dodging
 - Level 1.7 Stealth
 + Level 5.8 Shields
 - Level 2.0 Spellcasting
   Level 2.0 Summonings
   Level 1.0 Earth Magic


You had 11 spell levels left.
You didn't know any spells.

Dungeon Overview and Level Annotations

Branches:
Dungeon (9/15)
 Temple: D:4-7         Lair: D:8-11         Orc: D:9-12

Altars:
Ashenzari
Dithmenos
Uskayaw
Yredelemnul

Shops:
D:4 *

Annotations:
D:6 Grinder
D:9 exclusion: yak


Innate Abilities, Weirdness & Mutations

You can breathe blasts of scalding, opaque steam.
Your pale cyan-grey scales are hard. (AC +6)
You cannot fit into any form of body armour.
You are cold-blooded and may be slowed by cold attacks.
You are clumsy. (Dex -2)
You are resistant to electric shocks. (rElec)
You do not regenerate when monsters are visible.
You expend magic power (3 MP) to strengthen your wands.


Message History

You feel somewhat more hungry.
The adder is engulfed in a cloud of scalding steam.
You block the adder's attack.
The adder is engulfed in a cloud of scalding steam.
You kill the adder!
Found a stone staircase leading down.
You see here a pair of embroidered gloves.
v - a pair of embroidered gloves Wear which item? (? for menu, Esc to quit)
You start removing your armour.
You continue taking off your +0 pair of gloves. x4
You have got your breath back.
You finish taking off your +0 pair of gloves.
You start putting on your armour.
You continue putting on your pair of embroidered gloves. x5
You finish putting on your +1 pair of gloves.
Adjust (i)tems, (s)pells, or (a)bilities?
Adjust which item? (? for menu, Esc to quit)
v - a +1 pair of gloves (worn)
Adjust to which letter? (? for menu, Esc to quit)
G - a +1 pair of gloves (worn);
v - a +0 pair of gloves Drop what? 24/52 slots (_ for help) (? for menu, Esc to quit)
You drop a +0 pair of gloves.
Found a scroll labeled KUIGIGG WIOR.
You see here a scroll labeled KUIGIGG WIOR.
p - 2 scrolls labeled KUIGIGG WIOR (gained 1)
There is a stone staircase leading down here.
You climb downwards.
A hippogriff comes into view.
Found 23 gold pieces.
There is a stone staircase leading up here.
You see here 23 gold pieces.
You now have enough gold to buy a scroll labeled JEEVEC WUUSSIEPTIO on D:4.
You can access your shopping list by pressing '$'.
You now have 46 gold pieces (gained 23).
Press: ? - help, Shift-Dir - straight line You exhale a blast of scalding steam.
The ball of steam misses the hippogriff.
You feel somewhat more hungry.
The hippogriff is engulfed in a cloud of scalding steam.
You hit the hippogriff.
You tail-slap the hippogriff, but do no damage.
The hippogriff is moderately wounded.
The hippogriff bites you.
* * * LOW HITPOINT WARNING * * *
The hippogriff pecks you but does no damage.
The hippogriff claws you.
* * * LOW HITPOINT WARNING * * *
You hit the hippogriff. You tail-slap the hippogriff.
The hippogriff is heavily wounded.
The hippogriff is engulfed in a cloud of scalding steam.
The hippogriff bites you.
* * * LOW HITPOINT WARNING * * *
The hippogriff pecks you.
* * * LOW HITPOINT WARNING * * *
The hippogriff barely misses you.
You hit the hippogriff. You tail-slap the hippogriff.
The hippogriff is severely wounded.
The hippogriff bites you.
* * * LOW HITPOINT WARNING * * *
The hippogriff pecks you but does no damage.
You block the hippogriff's attack.
You can now pass through a line of other dancers.
You barely miss the hippogriff. You tail-slap the hippogriff.
The hippogriff is almost dead.
The hippogriff closely misses you. The hippogriff barely misses you.
The hippogriff closely misses you.
You hit the hippogriff.
The hippogriff is almost dead.
The hippogriff bites you but does no damage.
The hippogriff closely misses you. The hippogriff barely misses you.
You closely miss the hippogriff.
The hippogriff is almost dead.
You hit the hippogriff.
You kill the hippogriff!
Your Dodging skill increases to level 5!
You have got your breath back.
You can no longer pass through a line of other dancers.
Found a scroll labeled WUSHOF MOYME.
You see here a scroll labeled WUSHOF MOYME.
s - 2 scrolls labeled WUSHOF MOYME (gained 1)
A yak comes into view.
Found a sedimented pink potion.
Press: ? - help, v - describe, . - travel
Here: a yak (resting)
The floor.
Placed new exclusion.
A yak comes into view.
The yak bellows!
You hear a bellow! x2
Found 14 gold pieces.
The yak gores you!
* * * LOW HITPOINT WARNING * * *
A yak comes into view.
The yak bellows!
A yak comes into view.
Found a scroll of identify.
It was a potion of flight.
You feel very buoyant.
You fly up into the air.
The yak gores you.
You die...

## . ..# .. # #.# .## ####.#
. ..# ..##.#######.. ..#
#.##......... ..# #
...........? ..#.###
#.##....#############.......
.........Y.YY..Y@...<.......
#.##.#..#############..#####
............... .....
..##.#......... ..####
..##.#...###### ..#
.........# ..# #.##.....#
..# #........# ..#
######...####


You could see 4 yaks.

Vanquished Creatures
  A hippogriff (D:9)
  Sigmund (D:3)
  A water moccasin (D:6)
  2 ice beasts (D:5)
  2 ogres
  A sky beast (D:5)
  Blork the orc (D:6)
  A big kobold (Sewer)
  A bullfrog (D:5)
  A jelly (D:6)
  A hound (D:4)
  An iguana (D:5)
  4 adders
  3 river rats
  2 shadow imps
  2 adder skeletons
  A dart slug (D:1)
  A leopard gecko (D:4)
  4 orcs
  A ball python (D:3)
  A giant cockroach (D:2)
  4 goblins (D:2)
  5 hobgoblins
  7 jackals
  2 quokkas
  8 bats
  3 frilled lizards (D:2)
  12 kobolds
  7 rats
81 creatures vanquished.

Vanquished Creatures (others)
  2 jackals (D:6)
2 creatures vanquished.

Grand Total: 83 creatures vanquished

Notes
Turn   | Place    | Note
-------+----------+-------------------------------------------
     0 | D:1      | tidbits the Draconian Wanderer began the quest for the Orb.
     0 | D:1      | tidbits set off with: a +0 shield, 2 potions of lignification, a +0 club, a +0 dagger, a bread ration
     0 | D:1      | Reached XP level 1. HP: 16/16 MP: 3/3
    95 | D:1      | Reached XP level 2. HP: 24/24 MP: 5/5
   179 | D:2      | Reached skill level 1 in Dodging
   189 | D:2      | Reached skill level 2 in Fighting
   189 | D:2      | Reached XP level 3. HP: 20/29 MP: 6/6
   425 | D:2      | Reached skill level 2 in Shields
   504 | D:3      | Noticed Sigmund
   540 | D:3      | Killed Sigmund
   540 | D:3      | Reached skill level 3 in Fighting
   540 | D:3      | Reached skill level 2 in Dodging
   540 | D:3      | Reached skill level 3 in Shields
   540 | D:3      | Reached XP level 4. HP: 24/38 MP: 7/7
   540 | D:3      | Reached XP level 5. HP: 28/45 MP: 8/8
   592 | D:3      | Found a shadowy altar of Dithmenos.
   599 | D:3      | Found a hide-covered altar of Uskayaw.
   602 | D:3      | Found a basalt altar of Yredelemnul.
   619 | D:3      | Became a worshipper of Uskayaw the Reveler
   692 | D:3      | Found a glowing drain.
   699 | D:3      | Reached * piety under Uskayaw
   710 | Sewer    | Entered a sewer
   720 | Sewer    | Reached ** piety under Uskayaw
   826 | Sewer    | Reached skill level 4 in Fighting
   826 | Sewer    | Reached XP level 6. HP: 16/52 MP: 9/9
   888 | Sewer    | Found a white marble altar of Elyvilon.
  1041 | D:4      | Reached skill level 3 in Dodging
  1048 | D:4      | Reached *** piety under Uskayaw
  1053 | D:4      | Reached **** piety under Uskayaw
  1055 | D:4      | Reached skill level 4 in Shields
  1071 | D:4      | Found Feajaam's Assorted Antiques.
  1079 | D:4      | Bought a scroll labeled TOLAMI SOYHURPH for 34 gold pieces
  1079 | D:4      | Bought a scroll labeled TABUOSAOSH for 34 gold pieces
  1079 | D:4      | Bought a scroll labeled WUSHOF MOYME for 34 gold pieces
  1121 | D:5      | Entered Level 5 of the Dungeon
  1221 | D:5      | Noticed an ice beast
  1223 | D:5      | Noticed a sky beast
  1224 | D:5      | Noticed an ice beast
  1236 | D:5      | Reached skill level 5 in Fighting
  1236 | D:5      | Your scales start taking on a pale cyan-grey colour.
  1236 | D:5      | Reached XP level 7. HP: 46/61 MP: 10/10
  1263 | D:5      | Reached ***** piety under Uskayaw
  1270 | D:5      | Reached skill level 4 in Dodging
  1374 | D:5      | Reached skill level 5 in Shields
  1389 | D:5      | Gained mutation: You expend magic power (3 MP) to strengthen your wands. [mutagenic meat]
  1390 | D:5      | Gained mutation: You are resistant to electric shocks. (rElec) [mutagenic meat]
  1391 | D:5      | Gained mutation: You do not regenerate when monsters are visible. [mutagenic meat]
  1392 | D:5      | Gained mutation: You are clumsy. (Dex -2) [mutagenic meat]
  1434 | D:6      | Noticed Grinder
  1460 | D:6      | Noticed Blork the orc
  1476 | D:6      | Reached skill level 6 in Fighting
  1476 | D:6      | Reached XP level 8. HP: 36/70 MP: 11/11
  1484 | D:6      | Killed Blork the orc
  1503 | D:8      | Found a shattered altar of Ashenzari.
  1544 | D:9      | Noticed a hippogriff
  1559 | D:9      | Killed a hippogriff
  1559 | D:9      | Reached skill level 5 in Dodging
  1600 | D:9      | HP: 6/71 [yak (15)]
  1618 | D:9      | Slain by a yak

Vault maps used:
D:1:      grunt_arrival_crossed_arrows, grunt_decor_cap, minmay_misc_feat_rows
D:3:      minmay_overflow_temple_star_quad, portal_sewer_entry_a, uniq_sigmund
D:4:      tso_oasis_becter, serial_shops, nicolae_shop_overgrown_old_shop,
          first_bread, okawaru_trees_1
D:5:      grunt_temple_overflow_magic_moments, grunt_temple_overflow_opulence,
          bloody_makhleb, st_stairs_3
D:6:      nicolae_ru_the_path_less_chosen, lemuel_temple_firewalk_a,
          uniq_blork_the_orc, uniq_grinder
D:7:      cheibrodos_grave_circle, kennysheep_mini, grunt_ministairs_10,
          uniq_pikel, uniq_duvessa
D:8:      grunt_temple_overflow_forces_of_nature, old_standard_altar,
          nicolae_ashenzari_panopticon
D:9:      grunt_lair_entry_orc_guard_hut, serial_shops, nicolae_shop_waterfront
Sewer:    sewer_kobolds

Skill      XL: |  1  2  3  4  5  6  7  8 |
---------------+-------------------------+-----
Dodging        | 1 2 3 4 5 |  5.0
Fighting       | 2 3 4 5 6 |  6.6
Shields        | 3 4 5 |  5.8
Throwing       | |  1.0
Stealth        | |  1.7
Spellcasting   | |  2.0
Summonings     | |  2.0
Earth Magic    | |  1.0

Action                   |  1- 3 |  4- 6 |  7- 9 || total
-------------------------+-------+-------+-------++-------
Melee: Club              |     8 |       |       ||     8
       Mace              |     6 |     8 |       ||    14
       Tailslap          |    15 |    13 |    13 ||    41
       Short sword       |    94 |   119 |    73 ||   286
Throw: Stone             |     1 |     2 |     1 ||     4
 Abil: Breathe Steam     |       |       |     9 ||     9
  Use: Potion            |     2 |       |     2 ||     4
       Scroll            |       |     2 |       ||     2
 Stab: Sleeping          |     1 |     2 |       ||     3
       Paralysed         |       |     1 |     3 ||     4
  Eat: Chunk             |       |     1 |     6 ||     7
       Fruit             |       |     1 |       ||     1
Armor: Skin              |    38 |    28 |    12 ||    78
Dodge: Dodged            |    28 |    42 |    27 ||    97
Block: Shield            |    30 |    55 |    22 ||   107

Table legend:
 A = Spawn XP
 B = Non-spawn XP
 C = Spawn XP percentage of total XP
 D = Spawn monster count
 E = Non-spawn monster count
 F = Spawn count percentage of total count
 G = Total turns spent on level
                    A         B        C        D         E        F      G
               +---------+---------+-------+---------+---------+-------+---------
         Total |       0 |    1867 |   0.0 |       0 |      81 |   0.0 |  1618
               +---------+---------+-------+---------+---------+-------+---------
           D:1 |       0 |      15 |   0.0 |       0 |       9 |   0.0 |   151
           D:2 |       0 |      49 |   0.0 |       0 |      25 |   0.0 |   369
           D:3 |       0 |     246 |   0.0 |       0 |       8 |   0.0 |   298
           D:4 |       0 |     173 |   0.0 |       0 |       4 |   0.0 |   143
           D:5 |       0 |     679 |   0.0 |       0 |      13 |   0.0 |   231
           D:6 |       0 |     304 |   0.0 |       0 |      10 |   0.0 |    90
           D:8 |       0 |      14 |   0.0 |       0 |       1 |   0.0 |    44
           D:9 |       0 |     259 |   0.0 |       0 |       1 |   0.0 |    74
         Sewer |       0 |     128 |   0.0 |       0 |      10 |   0.0 |   215
               +---------+---------+-------+---------+---------+-------+---------

Table legend:
 A = Turns spent in this place as a percentage of turns spent in the entire game.
 B = Non-inter-level travel turns spent in this place as a percentage of non-inter-level travel turns spent in the entire game.
 C = Inter-level travel turns spent in this place as a percentage of turns spent in this place.
 D = Turns resting spent in this place as a percentage of non-inter-level travel turns spent in this place.
 E = Turns spent auto-exploring this place as a percentage of non-inter-level travel turns spent in this place.
 F = Non-inter-level travel turns spent in this place divided by the number of levels of this place that you've seen.
                   A       B       C       D       E      F
               +-------+-------+-------+-------+-------+----------------------
         Total | 100.0 | 100.0 |   0.8 |   0.0 |   0.0 | 160.5
       Dungeon |  86.7 |  86.6 |   0.9 |   0.0 |   0.0 | 154.4
         Sewer |  13.3 |  13.4 |   0.0 |   0.0 |   0.0 | 215.0
               +-------+-------+-------+-------+-------+----------------------

Table legend:
 A = Kills in this place as a percentage of kills in entire the game.
 B = Kills by you in this place as a percentage of kills by you in the entire game.
 C = Kills by friends in this place as a percentage of kills by friends in the entire game.
 D = Other kills in this place as a percentage of other kills in the entire game.
 E = Experience gained in this place as a percentage of experience gained in the entire game.
 F = Experience gained in this place divided by the number of levels of this place that you have seen.
                   A       B       C       D       E      F
               +-------+-------+-------+-------+-------+----------------------
         Total | 100.0 | 100.0 |   N/A |   N/A | 100.0 | 186.7
       Dungeon |  87.7 |  87.7 |   N/A |   N/A |  93.1 | 193.2
         Sewer |  12.3 |  12.3 |   N/A |   N/A |   6.9 | 128.0
               +-------+-------+-------+-------+-------+----------------------

Vault maps used:
D:1:      grunt_arrival_crossed_arrows, grunt_decor_cap, minmay_misc_feat_rows
D:3:      minmay_overflow_temple_star_quad, portal_sewer_entry_a, uniq_sigmund
D:4:      tso_oasis_becter, serial_shops, nicolae_shop_overgrown_old_shop,
          first_bread, okawaru_trees_1
D:5:      grunt_temple_overflow_magic_moments, grunt_temple_overflow_opulence,
          bloody_makhleb, st_stairs_3
D:6:      nicolae_ru_the_path_less_chosen, lemuel_temple_firewalk_a,
          uniq_blork_the_orc, uniq_grinder
D:7:      cheibrodos_grave_circle, kennysheep_mini, grunt_ministairs_10,
          uniq_pikel, uniq_duvessa
D:8:      grunt_temple_overflow_forces_of_nature, old_standard_altar,
          nicolae_ashenzari_panopticon
D:9:      grunt_lair_entry_orc_guard_hut, serial_shops, nicolae_shop_waterfront
Sewer:    sewer_kobolds
